AoeStats
← KootH.

Hideout

503715822Analyzed
4v4 RM · 1mo ago on Sep 1, 2026· 23m 39s· 8 players
Game mode
Random Map
Map size
Large (8 player)
Population
200
Speed
Normal
Resources
Standard
Victory
Conquest
Starting age
Dark Age
Ending age
Imperial Age
RankedLock teamsTeams togetherTeam positionsShared explorationLock speedFull tech treeHidden civsTurbo modeCheats
Victory
Defeat
🇺🇸 Malay · United States
1522
+13
🇨🇴 Lithuanians · Colombia
1522
+13
🇨🇳 Wei · China
1521
+13
🇨🇴 Saracens · Colombia
1470
+15
🇨🇴 Poles · Colombia
1694
-24
🇵🇪 Persians · Peru
1384
-11
1372
-10
🇨🇱 Lithuanians · Chile
1355
-9
FlyingSaucer_
9:37 Feudal Age
11:12 Loom
12:01 Double-Bit Axe
13:35 Fletching
14:42 Horse Collar
21:33 Castle Age
19:54 Gold Mining
20:17 Padded Archer Armor
20:35 Crossbowman
21:17 Bodkin Arrow
22:58 Ballistics
23:54 Thumb Ring
enzoyin68
8:29 Feudal Age
9:04 Double-Bit Axe
9:22 Horse Collar
11:17 Loom
15:38 Forging
17:14 Wheelbarrow
16:43 Gold Mining
20:15 Castle Age
19:29 Scale Barding Armor
19:35 Bloodlines
21:31 Chain Barding Armor
21:12 Husbandry
20:41 Light Cavalry
21:37 Heavy Plow
[GDL] turbojj
7:49 Loom
9:47 Feudal Age
11:37 Double-Bit Axe
13:06 Fletching
20:12 Castle Age
19:06 Padded Archer Armor
20:23 Gold Mining
20:15 Crossbowman
21:00 Thumb Ring
21:06 Bodkin Arrow
22:45 Leather Archer Armor
KootH.
9:56 Feudal Age
14:19 Castle Age
13:01 Double-Bit Axe
13:05 Horse Collar
23:43 Husbandry
23:54 Bloodlines
The .Gocho
7:43 Loom
10:08 Feudal Age
11:03 Town Watch
18:14 Castle Age
16:28 Double-Bit Axe
16:58 Fletching
17:30 Gold Mining
18:19 Crossbowman
19:34 Bodkin Arrow
20:08 Horse Collar
21:29 Padded Archer Armor
chr0rk
10:00 Feudal Age
10:34 Double-Bit Axe
10:30 Horse Collar
18:39 Castle Age
c7
10:43 Feudal Age
11:49 Loom
14:57 Castle Age
19:12 Scale Barding Armor
有钱胶己人 无钱咬支浪
5:46 Loom
5:58 Loom
8:35 Feudal Age
8:40 Man-at-Arms
14:20 Double-Bit Axe
19:07 Castle Age
Connection lost

Rejoining the realm…

Still unreachable

The connection could not be restored.

Session expired

The server has moved on; the page needs a fresh start.